 Dungeon Crawl Stone Soup version 0.17.0-28-g6e173f8 (webtiles) character file.

282 4thArraOfDagon the Chopper (level 6, -2/56 HPs)
             Began as a Minotaur Berserker on Nov 24, 2015.
             Was a Follower of Trog.
             Slain by Blork the orc
             ... wielding a +0 glaive
              (11 damage)
             ... on level 6 of the Dungeon.
             The game lasted 00:03:55 (481 turns).

4thArraOfDagon the Chopper (Minotaur Berserker)      Turns: 481, Time: 00:03:55

Health: -2/56      AC:  7    Str: 22    XL:     6   Next: 6%
Magic:  5/5        EV:  5    Int:  6    God:    Trog [*.....]
Gold:   63         SH:  0    Dex:  9    Spells: 0 memorised, 5 levels left

rFire  . . .     SeeInvis .     a - +0 hand axe
rCold  . . .     Clarity  .     i - +0 scale mail
rNeg   . . .     SustAt   .     (no shield)
rPois  .         Gourm    .     (helmet restricted)
rElec  .         Spirit   .     (no cloak)
rCorr  .         Warding  .     (no gloves)
rMut   .         Stasis   .     (no boots)
MR     .....                    (no amulet)
Stlth  ..........               (no ring)
                                (no ring)

@: not resistant to hostile enchantments, extremely unstealthy
A: retaliatory headbutt, horns 2
a: Berserk, Burn Spellbooks, Renounce Religion


You were on level 6 of the Dungeon.
You worshipped Trog.
Trog was aware of your devotion.
You were not hungry.

You visited 1 branch of the dungeon, and saw 7 of its levels.

You collected 63 gold pieces.

Inventory:

Hand Weapons
 a - a +0 hand axe (weapon)
Armour
 i - a +0 scale mail (worn)
Scrolls
 b - 3 scrolls of teleportation {unknown}
 f - a scroll of magic mapping {unknown}
 k - 2 scrolls of remove curse {unknown}
 l - a scroll of immolation {unknown}
Potions
 e - a potion of brilliance {unknown}
 j - 2 potions of agility
Comestibles
 c - 2 bread rations
 d - a royal jelly
 g - 3 chunks of flesh


   Skills:
 + Level 5.0 Fighting
 * Level 6.5 Axes
 + Level 4.2 Armour
 - Level 2.1 Dodging


You had 5 spell levels left.
You didn't know any spells.

Dungeon Overview and Level Annotations

Branches:
Dungeon (7/15)
 Temple: D:4-7

Altars:
Xom

Annotations:
D:5 4thArraOfDagon's ghost, amateur MiBe
D:6 Blork the orc


Innate Abilities, Weirdness & Mutations

You reflexively headbutt those who attack you in melee.
You have a pair of horns on your head.


Message History

Your experience leads to an increase in your attributes!
Increase (S)trength, (I)ntelligence, or (D)exterity?
You feel clever.
There is a stone staircase leading up here.
You climb upwards.
Blork the orc shouts!
The orc shouts!
The orc shouts!
An orc comes into view. It is wielding a dagger.
The orc hits you but does no damage. x2
Blork the orc hits you from afar with a glaive!
* * * LOW HITPOINT WARNING * * *
Found a war axe.
There is a stone staircase leading down here.
Unknown command.
Unknown command.
The orc closely misses you. The orc hits you with a falchion.
* * * LOW HITPOINT WARNING * * *
The orc hits you with a club.
* * * LOW HITPOINT WARNING * * *
Blork the orc hits you from afar with a glaive!
You die...

######
#....#
#.o..#####
#o@.o.....
#..o.###+#
#.......
##+##.....
...). ....
... #+#


You could see Blork the orc and 3 orcs.

Vanquished Creatures
  2 ogres (D:7)
  A giant frog (D:7)
  An iguana (D:7)
  2 adders
  An orc (D:3)
  2 hobgoblins (D:1)
  2 ball pythons
  A goblin (D:1)
  A jackal skeleton (D:7)
  2 kobolds (D:1)
  A rat (D:2)
16 creatures vanquished.

Notes
Turn   | Place    | Note
--------------------------------------------------------------
     0 | D:1      | 4thArraOfDagon the Minotaur Berserker began the quest for the Orb.
     0 | D:1      | Reached XP level 1. HP: 19/19 MP: 0/0
    81 | D:2      | Reached skill level 4 in Axes
    94 | D:3      | Reached XP level 2. HP: 27/27 MP: 1/1
   204 | D:5      | Entered Level 5 of the Dungeon
   206 | D:5      | Noticed 4thArraOfDagon's ghost (amateur MiBe)
   349 | D:7      | Noticed an ogre
   396 | D:7      | Killed an ogre
   396 | D:7      | Reached skill level 5 in Axes
   396 | D:7      | Reached XP level 3. HP: 34/34 MP: 2/2
   396 | D:7      | Reached XP level 4. HP: 41/41 MP: 3/3
   408 | D:7      | Noticed an ogre
   414 | D:7      | Killed an ogre
   414 | D:7      | Reached skill level 6 in Axes
   414 | D:7      | Reached XP level 5. HP: 19/47 MP: 4/4
   452 | D:7      | Found a shimmering altar of Xom.
   466 | D:7      | Noticed a giant frog
   476 | D:7      | Killed a giant frog
   476 | D:7      | Reached skill level 5 in Fighting
   476 | D:7      | Reached XP level 6. HP: 19/56 MP: 5/5
   480 | D:6      | Noticed Blork the orc
   481 | D:6      | Slain by Blork the orc

Action                   |  1- 3 |  4- 6 || total
-------------------------+-------+-------++-------
Melee: Hand axe          |    21 |    13 ||    34
Invok: Berserk           |     2 |       ||     2
  Use: Potion            |       |     3 ||     3
  Eat: Chunk             |       |     1 ||     1
